 Dungeon Crawl Stone Soup version 0.28-a0-1348-g050f3537b9 (webtiles) character file.

Game seed: 1226654636113433476

4421 HessuHobo the Cleaver (level 10, 0/93 HPs)
             Began as a Minotaur Berserker on Dec 30, 2021.
             Was an Elder of Trog.
             Slain by a boulder beetle (4 damage)
             ... on level 8 of the Dungeon.
             The game lasted 00:10:31 (10781 turns).

HessuHobo the Cleaver (Minotaur Berserker)         Turns: 10781, Time: 00:10:31

Health: 0/93       AC: 13    Str: 24    XL:     10   Next: 14%
Magic:  9/9        EV:  9    Int:  4    God:    Trog [****..]
Gold:   394        SH:  0    Dex: 12    Spells: 9/9 levels left

rFire   . . .      SeeInvis +   H - +0 battleaxe
rCold   + . .      Faith    .   (shield currently unavailable)
rNeg    . . .      Spirit   .   s - +0 chain mail
rPois   .          Reflect  .   (helmet restricted)
rElec   .          Harm     .   m - +1 cloak
rCorr   .          Rampage  .   (no gloves)
Will    .....                   (no boots)
Stlth   ..........              (no amulet)
HPRegen 0.25/turn               L - ring of see invisible
MPRegen 0.11/turn               b - ring of protection from cold

@: on berserk cooldown, slowed, very slow
A: horns 2, retaliatory headbutt
a: Renounce Religion, Berserk, Trog's Hand, Brothers in Arms


You were on level 8 of the Dungeon.
You worshipped Trog.
Trog was greatly pleased with you.
You visited 1 branch of the dungeon, and saw 8 of its levels.

You collected 394 gold pieces.

Inventory:

Hand Weapons
 a - a +0 hand axe
 f - a +2 spear of venom
 C - a +1 antimagic halberd
 G - a +0 war axe
 H - a +0 battleaxe (weapon)
Missiles
 r - a throwing net (quivered)
Armour
 m - a +1 cloak (worn)
 s - a +0 chain mail (worn)
 v - a +0 kite shield
Jewellery
 b - a ring of protection from cold (right hand)
 h - a +4 ring of evasion
 u - a +6 ring of dexterity
 L - a ring of see invisible (left hand)
Wands
 l - a wand of polymorph (7)
 n - a wand of digging (12)
 E - a wand of acid (6)
 N - a wand of mindburst (11)
 O - a wand of flame (15)
Scrolls
 d - a scroll of torment {unknown}
 q - a scroll of brand weapon {unknown}
 t - 2 scrolls of enchant armour {unknown}
 w - a scroll of immolation {unknown}
 x - 2 scrolls of amnesia {unknown}
 y - 2 scrolls of fear {unknown}
 z - 3 scrolls of noise {unknown}
 D - 3 scrolls of teleportation {unknown}
 J - 2 scrolls of identify
 K - 2 scrolls of fog {unknown}
Potions
 c - a potion of resistance
 e - a potion of berserk rage {unknown}
 g - a potion of attraction
 i - a potion of mutation {unknown}
 j - a potion of lignification {unknown}
 k - 5 potions of heal wounds
 o - 2 potions of curing
 p - a potion of invisibility {unknown}
 A - a potion of haste {unknown}
 B - a potion of might {unknown}
 F - a potion of flight {unknown}
 I - a potion of ambrosia {unknown}
 M - 2 potions of brilliance {unknown}


   Skills:
 + Level 9.8 Fighting
 + Level 9.8 Axes
 + Level 9.4 Armour
 - Level 2.1 Dodging
 + Level 8.2 Shields


You had 9 spell levels left.
You didn't know any spells.
Your spell library was empty.

Dungeon Overview and Level Annotations

Branches:
Dungeon (8/15)             Temple (0/1) D:4
   Lair: D:8-11

Altars:
Trog

Annotations:
D:7 exclusion: downstairs


Innate Abilities, Weirdness & Mutations

You have a pair of horns on your head.
You reflexively headbutt those who attack you in melee.


Message History

You hit the boulder beetle. The yak gores you but does no damage.
The boulder beetle leaps!
The yak gores you but does no damage.
You hit the yak. Your headbutt misses the yak.
The yak is severely wounded.
The yak barely misses you. You furiously retaliate!
You headbutt the yak.
The boulder beetle leaps!
You closely miss the yak.
The yak is almost dead.
The yak gores you. x2
You slice the yak!!
You kill the yak!
Trog accepts your kill.
Found an escape hatch in the floor.
The boulder beetle bites you but does no damage.
You slice the boulder beetle!!
The boulder beetle is severely wounded.
The boulder beetle bites you but does no damage.
The boulder beetle misses you.
Your chain mail prevents you from hitting the boulder beetle.
You headbutt the boulder beetle, but do no damage.
The boulder beetle is severely wounded.
The boulder beetle leaps!
The boulder beetle bites you.
You slash the boulder beetle!
The boulder beetle is almost dead.
The boulder beetle bites you!
* * * LOW HITPOINT WARNING * * *
The boulder beetle leaps!
You see here a scroll of identify.
You are too injured to fight recklessly!
The boulder beetle bites you!!
* * * LOW HITPOINT WARNING * * *
You see here a scroll of identify.
You slash the boulder beetle!
You headbutt the boulder beetle, but do no damage.
The boulder beetle is almost dead.
The boulder beetle bites you but does no damage.
The boulder beetle closely misses you. The boulder beetle bites you.
You die...

........###..####.....##.#.##
.........##............#####
#####.°.....#........#...##
..#.#.......#........#....#
#.....)B....##............#
#......)○.................#
........####............###
#.....†..###..##........#
...........#.@..........#
.......$....B#...###...##
.......#.....#....##..#
.......#.............
.......#....##.......
.........###. ...>..#
......... .......## .....
...#.#.. ..... ... ## .


You could see a boulder beetle.

Vanquished Creatures
  A two-headed ogre (D:8)
  Grinder (D:6)
  4 yaks (D:8)
  Eustachio (D:6)
  A water moccasin (D:7)
  2 black bears
  3 ogres
  2 necrophages
  2 sky beasts
  4 centaurs
  A phantom (D:7)
  3 bullfrogs
  A scorpion (D:6)
  A water moccasin skeleton (D:5)
  9 killer bees (D:7)
  A bullfrog zombie (D:7)
  2 centaur zombies
  2 hounds (D:6)
  A jelly (D:4)
  2 gnoll shamans
  A centaur skeleton (D:7)
  4 orc priests
  Crazy Yiuf (D:2)
  2 iguanas
  4 orc wizards
  Terence (D:2)
  2 hound zombies (D:5)
  3 howler monkey zombies
  9 gnolls
  A river rat (D:5)
  12 adders
  3 white imps
  A worm (D:2)
  5 dart slugs
  9 orcs
  12 ball pythons
  3 endoplasms
  5 giant cockroaches
  4 goblins
  6 hobgoblins
  5 jackals (D:1)
  3 quokkas
  5 bats
  5 frilled lizards
  12 kobolds
  3 rats
165 creatures vanquished.

Vanquished Creatures (others)
  8 plants (D:2)
8 creatures vanquished.

Grand Total: 173 creatures vanquished

Notes
Turn   | Place    | Note
-------+----------+-------------------------------------------
     0 | D:1      | HessuHobo the Minotaur Berserker began the quest for the
                  | Orb.
     0 | D:1      | Reached XP level 1. HP: 19/19 MP: 0/0
   350 | D:1      | Reached XP level 2. HP: 24/27 MP: 1/1
   702 | D:1      | Found a faded altar of an unknown god.
  1635 | D:2      | Reached XP level 3. HP: 29/33 MP: 2/2
  1888 | D:2      | Noticed Terence
  1893 | D:2      | Killed Terence
  2118 | D:2      | Reached XP level 4. HP: 40/41 MP: 3/3
  2158 | D:2      | Reached ** piety under Trog
  2946 | D:2      | Found a runed translucent door.
  2947 | D:2      | Noticed Crazy Yiuf
  2953 | D:2      | Killed Crazy Yiuf
  3302 | D:3      | Reached skill level 5 in Fighting
  3460 | D:3      | Reached XP level 5. HP: 48/48 MP: 4/4
  3973 | D:4      | Reached skill level 5 in Axes
  4462 | D:4      | Found a staircase to the Ecumenical Temple.
  4811 | D:4      | Found a bloodstained altar of Trog.
  5140 | D:4      | Reached *** piety under Trog
  5294 | D:4      | Reached skill level 1 in Shields
  5349 | D:4      | Noticed an ogre
  5375 | D:4      | Killed an ogre
  5376 | D:4      | Reached XP level 6. HP: 57/57 MP: 5/5
  5616 | D:5      | Entered Level 5 of the Dungeon
  5918 | D:5      | Noticed a sky beast
  5923 | D:5      | Reached skill level 5 in Armour
  5931 | D:5      | Killed a sky beast
  6032 | D:5      | Reached XP level 7. HP: 58/63 MP: 6/6
  7235 | D:5      | Reached XP level 8. HP: 71/71 MP: 7/7
  7777 | D:6      | Noticed Grinder
  7784 | D:6      | Killed Grinder
  7785 | D:6      | Reached skill level 5 in Shields
  7903 | D:6      | Noticed Eustachio
  7920 | D:6      | Killed Eustachio
  8917 | D:7      | Reached XP level 9. HP: 80/81 MP: 8/8
  9229 | D:7      | Reached **** piety under Trog
 10322 | D:8      | Noticed a two-headed ogre
 10470 | D:8      | Killed a two-headed ogre
 10715 | D:8      | Noticed a boulder beetle
 10761 | D:8      | Reached XP level 10. HP: 66/91 MP: 9/9
 10778 | D:8      | HP: 3/93 [boulder beetle (19)]
 10781 | D:8      | Slain by a boulder beetle

Illustrated notes

Levels and vault maps discovered:
D:1:      dpeg_arrival_arbitrary_a, layout_loops_corners,
          dreamdust_ecumenical_altar_sealed_demon
D:2:      layout_loops_ring, lexackson_kobold_supper, uniq_terence,
          uniq_crazy_yiuf_cottage
D:3:      layout_loops_cross, chequers_serial_rivers_micro_d
D:4:      layout_gridville, lemuel_coloured_pillars_altar,
          minmay_temple_entry_fiery, minmay_bent
D:5:      layout_cave_pods, gup_sewer_entry_bubbles
D:6:      layout_gridville, uniq_grinder, uniq_eustachio
D:7:      layout_basic
D:8:      layout_cave_pools, minmay_crossroads

Skill      XL: |  1  2  3  4  5  6  7  8  9 |
---------------+----------------------------+-----
Fighting       | 4 5 6 8 9 |  9.8
Axes           | 4 5 6 8 9 |  9.8
Armour         | 3 4 5 6 7 9 |  9.4
Shields        | 1 2 4 6 8 |  8.2
Dodging        | |  2.1

Action                   |  1- 3 |  4- 6 |  7- 9 | 10-12 || total
-------------------------+-------+-------+-------+-------++-------
Melee: Hand axe          |    31 |       |       |       ||    31
       Spear             |    32 |   141 |    99 |       ||   272
       Headbutt          |     3 |    18 |    45 |     3 ||    69
       Battleaxe         |       |       |   130 |    11 ||   141
Invok: Berserk           |     1 |       |     2 |       ||     3
       Trog's Hand       |       |       |     3 |       ||     3
  Use: Scroll            |       |     2 |     2 |       ||     4
       Potion            |       |       |     1 |       ||     1
 Stab: Distracted        |       |       |     1 |       ||     1
Armor: Animal skin       |     5 |     4 |       |       ||     9
       Ring mail         |       |    10 |       |       ||    10
       Chain mail        |       |    27 |   141 |     5 ||   173
Dodge: Dodged            |    40 |    70 |   185 |     6 ||   301

Table legend: (Time is in decaauts)
 A = Elapsed time spent in this place.
 B = Non-inter-level travel time spent in this place.
 C = Inter-level travel time spent in this place.
 D = Time resting spent in this place.
 E = Time spent auto-exploring this place.
 F = Levels seen in this place.
 G = Mean time per level.
                   A        B        C        D        E       F      G
               +--------+--------+--------+--------+--------+-----+--------+
         Total |  10848 |  10231 |    617 |   4594 |   4310 |   8 | 1356.0 |
       Dungeon |  10848 |  10231 |    617 |   4594 |   4310 |   8 | 1356.0 |
               +--------+--------+--------+--------+--------+-----+--------+

Top non-repeatable levels by time:
     D:4: 1809 daAuts
     D:5: 1759 daAuts
     D:7: 1742 daAuts
     D:2: 1672 daAuts
     D:1: 1625 daAuts
     D:6: 1140 daAuts
     D:3: 670 daAuts
     D:8: 429 daAuts
